 Dungeon Crawl Stone Soup version 0.29.1-4-g47bece8355 (webtiles) character file.

Game seed: 17530965957002515771

159 LustLizard the Insei (level 5, -2/30 (33) HPs)
             Began as an Octopode Transmuter on Dec 6, 2022.
             Slain by a gnoll
             ... wielding a +2 flail of draining
              (6 damage)
             ... on level 4 of the Dungeon.
             The game lasted 00:05:52 (3405 turns).

LustLizard the Insei (Octopode Transmuter)          Turns: 3405, Time: 00:05:55

HP:   -2/30 (33)    AC:  1    Str: 10    XL:     5   Next: 40%
MP:   6/9           EV: 13    Int: 17    God:
Gold: 178           SH:  0    Dex: 12    Spells: 0/9 levels left

rFire   . . .      SeeInvis .     - Unarmed
rCold   . . .      Faith    .   (no shield)
rNeg    . . .      Spirit   .   (helmet currently unavailable)
rPois   +          Reflect  .   (no amulet)
rElec   .          Harm     .   d - ring of poison resistance
rCorr   .          Rampage  .   (no ring)
Will    .....                   (no ring)
Stlth   ++........              (no ring)
HPRegen 0.10/turn               (no ring)
MPRegen 0.11/turn               (no ring)
                                (no ring)
                                (no ring)

@: appendages, wereblooded, studying Shields, drained
A: tentacle spike 3, almost no armour, amphibious, 8 rings, camouflage 1,
gelatinous body 1, (nimble swimmer 1), tentacles
a: End Transformation


You were on level 4 of the Dungeon.
One of your tentacles had grown a beastly spike.
You visited 1 branch of the dungeon, and saw 4 of its levels.

You collected 178 gold pieces.

Inventory:

Jewellery
 d - a ring of poison resistance (left tentacle)
 e - a ring of ice
Wands
 q - a wand of roots (9)
Scrolls
 b - 2 scrolls of teleportation
 c - a scroll of fog {unknown}
 f - 3 scrolls of poison
 h - 2 scrolls of vulnerability {unknown}
 i - a scroll of enchant weapon {unknown}
 j - 4 scrolls of identify
 k - a scroll of magic mapping {unknown}
 l - a scroll of amnesia {unknown}
 m - a scroll of enchant armour {unknown}
 o - a scroll of silence {unknown}
Potions
 a - a potion of lignification
 g - 2 potions of ambrosia
 n - a potion of mutation {unknown}
 p - a potion of curing {unknown}


   Skills:
 - Level 1.0 Fighting
 - Level 2.0 Dodging
 * Level 4.3 Unarmed Combat
 + Level 2.7 Spellcasting
 * Level 3.5 Transmutations
 * Level 0.8 Ice Magic
 + Level 0.3 Air Magic
 + Level 0.3 Poison Magic


You couldn't memorise any spells.
You knew the following spells:

 Your Spells              Type           Power      Damage    Failure   Level
a - Beastly Appendage     Tmut           28%        N/A       4%          1
b - Wereblood             Tmut           14%        N/A       6%          2
c - Ice Form              Ice/Tmut       9%         N/A       58%         4
d - Poisonous Vapours     Pois/Air       6%         N/A       24%         2

Your spell library contained the following spells:

 Spells                   Type           Power      Damage    Failure   Level
 Spider Form              Tmut/Pois      8%         N/A       24%         3
 Scorch                   Fire           4%         2d5       26%         2
 Stone Arrow              Conj/Erth      4%         3d7       47%         3
 Corpse Rot               Necr/Pois/Air  3%         N/A       86%         4
 Flame Wave               Conj/Fire      2%         2d4       87%         4
 Summon Cactus Giant      Summ           1%         N/A       100%        6
 Lehudib's Crystal Spear  Conj/Erth      1%         10d2      100%        8
 Animate Armour           Summ/Erth      Unusable   N/A       N/A         4

Dungeon Overview and Level Annotations

Branches:
Dungeon (4/15)
 Temple: D:4-7

Altars:
Ashenzari


Innate Abilities, Weirdness & Mutations

One of your tentacles has grown a beastly spike.
You cannot wear most types of armour.
You are amphibious.
You can wear up to eight rings at the same time.
Your skin changes colour to match your surroundings (Stealth+).
Your rubbery body absorbs attacks. (AC +1, EV +1)
((You are camouflaged when in or above water. (Stealth+)))
You have tentacles for arms and can constrict up to eight enemies at once.


Message History

No target in view!
Your tentacle spike disappears.
Magic restored.
HP restored.
There is a stone staircase leading up here.
An endoplasm comes into view.
The endoplasm quivers.
You tentacle-slap the endoplasm.
You kill the endoplasm!
No target in view!
A gnoll comes into view. It is wielding a +0 whip.
The gnoll shouts!
You hear a shout!
A gnoll comes into view. It is wielding a +2 flail of draining.
Casting: Beastly Appendage (safe; 4% risk of failure)
Confirm with . or Enter, or press ? or * to list all spells.
One of your tentacles grows a vicious spike.
A gnoll comes into view. It is wielding a +0 halberd.
Casting: Beastly Appendage (safe; 4% risk of failure)
Confirm with . or Enter, or press ? or * to list all spells.
Your blood is infused with primal strength.
The gnoll shouts!
You tentacle-slap the gnoll. You grab the gnoll.
You pierce the gnoll.
You squeeze the gnoll!
The gnoll is severely wounded.
You constrict the gnoll. The gnoll hits you with a +0 whip!
You bludgeon the gnoll!
You feel a bit better.
You kill the gnoll!
A gnoll comes into view. It is wielding a +0 whip.
You barely miss the gnoll. You grab the gnoll.
You squeeze the gnoll, but do no damage.
You constrict the gnoll, but do no damage.
The gnoll hits you with a +2 flail of draining!
You feel drained.
You tentacle-slap the gnoll.
The gnoll is moderately wounded.
You constrict the gnoll.
The gnoll hits you with a +2 flail of draining!
* * * LOW HITPOINT WARNING * * *
You feel drained.
You die...

#.. #######....#
#...@gg.#
#.#####$.g.# #..#
#.. ##.#
#.##########
#.#####<.........#
#.........########
#########........
#########


You could see 3 gnolls.

Vanquished Creatures
  A hound (D:4)
  4 gnolls
  3 adders
  3 worms (D:2)
  4 dart slugs
  An orc (D:3)
  An endoplasm (D:4)
  2 giant cockroaches (D:2)
  4 goblins
  6 hobgoblins
  3 jackals (D:1)
  3 quokkas
  5 ball pythons
  3 bats
  A frilled lizard (D:3)
  2 kobolds
  4 rats
50 creatures vanquished.

Notes
Turn   | Place    | Note
-------+----------+-------------------------------------------
     0 | D:1      | LustLizard the Octopode Transmuter began the quest for the
                  | Orb.
     0 | D:1      | Reached XP level 1. HP: 13/13 MP: 3/3
   428 | D:1      | Reached XP level 2. HP: 18/18 MP: 3/5
   728 | D:1      | Learned a level 2 spell: Wereblood
   743 | D:1      | Found a faded altar of an unknown god.
   826 | D:1      | Reached XP level 3. HP: 20/23 MP: 4/6
  1797 | D:2      | Reached XP level 4. HP: 23/28 MP: 4/7
  1898 | D:2      | Reached skill level 4 in Unarmed Combat
  2206 | D:3      | Learned a level 4 spell: Ice Form
  2229 | D:3      | Found a broken altar of Ashenzari.
  2759 | D:3      | Reached XP level 5. HP: 33/33 MP: 6/8
  3339 | D:3      | Learned a level 2 spell: Poisonous Vapours
  3405 | D:4      | Slain by a gnoll

Illustrated notes

Levels and vault maps discovered:
D:1:      heliophobic_arrival_henge, layout_loops_ring,
          ebering_ecumenical_altar_webs
D:2:      layout_basic, fountainhead, grunt_ministairs_1
D:3:      layout_basic, cheibrodos_ashenzari_chains
D:4:      minmay_general_purpose_star, layout_loops_ring, fedhas_altar_3

Skill      XL: |  1  2  3  4 |
---------------+-------------+-----
Transmutations | 3 |  3.5
Unarmed Combat | 4 |  4.3
Fighting       | |  1.0
Dodging        | |  2.0
Spellcasting   | |  2.7
Ice Magic      | |  0.8
Air Magic      | |  0.3
Poison Magic   | |  0.3

Action                   |  1- 3 |  4- 6 || total
-------------------------+-------+-------++-------
Melee: Unarmed           |    73 |    57 ||   130
       Constrict         |    17 |    16 ||    33
       Kick              |    16 |    22 ||    38
       Tentacles         |    11 |    14 ||    25
       Punch             |     4 |     3 ||     7
 Cast: Beastly Appendage |    13 |    12 ||    25
       Wereblood         |     2 |     2 ||     4
  Use: Scroll            |     1 |     2 ||     3
 Stab: Sleeping          |     3 |     4 ||     7
Armor: Skin              |    10 |     1 ||    11
Dodge: Dodged            |    45 |    39 ||    84
